 Dungeon Crawl Stone Soup version 0.28.0-53-g5a82cb258f (webtiles) character file.

Game seed: 16890317025173036346

6153 firemarshallily the Arsonist (level 10, -2/75 HPs)
             Began as a Naga Fire Elementalist on June 16, 2022.
             Was an Initiate of Yredelemnul.
             Slain by Joseph
             ... wielding a +3 spectral quarterstaff
              (6 damage)
             ... on level 8 of the Dungeon.
             The game lasted 00:27:52 (7491 turns).

firemarshallily the Arsonist (NaFE)                 Turns: 7491, Time: 00:27:52

Health: -2/75      AC:  8    Str:  9    XL:     10   Next: 90%
Magic:  17/22      EV:  9    Int: 26    God:    Yredelemnul [......]
Gold:   249        SH:  0    Dex: 11    Spells: 15/26 levels left

rFire   . . .      SeeInvis +   e - +0 hunting sling
rCold   + + .      Faith    .   (no shield)
rNeg    . . .      Spirit   .   a - +0 robe
rPois   +          Reflect  .   l - +0 helmet
rElec   .          Harm     .   (no cloak)
rCorr   .          Rampage  .   w - +2 pair of gloves
Will    +....                   (no barding)
Stlth   +++.......              n - amulet "Ruekyrph" {RegenMP rC++ Str-2 Slay+6}
HPRegen 0.22/turn               i - +6 ring of intelligence
MPRegen 0.58/turn               (no ring)

@: brilliant, marked, very slow
A: AC +3, large, see invisible, deformed body, poison resistance, slowness 2,
spit poison 1, naga tail 1
a: Spit Poison, Renounce Religion, Recall Undead Harvest


You were on level 8 of the Dungeon.
You worshipped Yredelemnul.
Yredelemnul was noncommittal.
You visited 2 branches of the dungeon, and saw 9 of its levels.

You collected 249 gold pieces.

Inventory:

Hand Weapons
 e - a +0 hunting sling (weapon)
 m - a +5 dagger
Missiles
 d - 19 poisoned darts
 k - 141 stones (quivered ammo)
 q - 6 throwing nets
 r - 4 javelins
 y - 5 boomerangs
Armour
 a - a +0 robe (worn)
 l - a +0 helmet (worn)
 t - the +6 ring mail of the Land of Plenty {Int+2}
   (You found it on level 5 of the Dungeon)

   Int:       It affects your intelligence (+2).
 u - a +0 buckler
 w - a +2 pair of gloves (worn)
Jewellery
 i - a +6 ring of intelligence (left hand)
 n - the amulet "Ruekyrph" (around neck) {RegenMP rC++ Str-2 Slay+6}
   (You found it on level 3 of the Dungeon)

   [amulet of magic regeneration]

   It increases your rate of magic regeneration.
   Str:       It affects your strength (-2).
   Slay:      It affects your accuracy & damage with ranged weapons and melee
   (+6).
   rC:        It greatly protects you from cold.
 A - an amulet of regeneration
Wands
 x - a wand of paralysis (7)
Scrolls
 j - 2 scrolls of fog {unknown}
 p - 2 scrolls of fear {unknown}
 z - a scroll of immolation {unknown}
Potions
 b - 3 potions of curing
 g - 2 potions of lignification {unknown}
 h - a potion of cancellation {unknown}
 o - a potion of attraction {unknown}
 s - a potion of might {unknown}
 v - a potion of invisibility


   Skills:
 + Level 5.3 Slings
 - Level 1.5 Dodging
 - Level 5.0 Stealth
 * Level 8.7 Spellcasting
 + Level 6.4 Conjurations
 - Level 2.0 Hexes
 * Level 9.8 Fire Magic


You had 15 spell levels left.
You knew the following spells:

 Your Spells              Type           Power      Damage    Failure   Level
a - Foxfire               Conj/Fire      100%       2x1d9     1%          1
b - Scorch                Fire           100%       2d10      1%          2
c - Flame Wave            Conj/Fire      69%        2d13      1%          4
d - Fulminant Prism       Conj/Hex       25%        3d14      10%         4

Your spell library contained the following spells:

 Spells                   Type           Power      Damage    Failure   Level
 Magic Dart               Conj           100%       1d8       1%          1
 Searing Ray              Conj           100%       2d8       1%          2
 Conjure Flame            Conj/Fire      69%        6-21      1%          3
 Inner Flame              Hex/Fire       58%        N/A       1%          3


Dungeon Overview and Level Annotations

Branches:
Dungeon (8/15)             Temple (1/1) D:7
   Lair: D:8-11

Altars:
Ashenzari
Dithmenos
Elyvilon
Fedhas
Gozag
Hepliaklqana
Nemelex Xobeh
Okawaru
Qazlal
Ru
Sif Muna
Trog
Uskayaw
Vehumet
Wu Jian
Xom
Yredelemnul
Zin
The Shining One

Shops:
D:7 :

Annotations:
D:5 exclusion: phantom
D:8 Joseph


Innate Abilities, Weirdness & Mutations

Your serpentine skin is tough. (AC +3)
You have supernaturally acute eyesight. (SInv)
Armour fits poorly on your strangely shaped body.
Your system is resistant to poisons. (rPois)
You cover ground very slowly.
You can spit poison.
You have a snake-like lower body.


Message History

The orc wizard points at you and mumbles some strange words.
The magic dart hits you but does no damage.
The kobold brigand zombie hits you but does no damage.
Your hornet zombie hits the kobold brigand zombie!
The kobold brigand zombie is destroyed!
Joseph zaps a wand.
You resist with almost no effort.
Unknown command.
Casting: Flame Wave (dangerous; 1% risk of failure)
Confirm with . or Enter, or press ? or * to list all spells.
Casting: Flame Wave (dangerous; 1% risk of failure)
Press: ? - help, Dir - look around, f - activate You feel a surge of power!
Really fire at your hornet zombie?
A wave of flame ripples out!
The flame wave engulfs the orc wizard!
You kill the orc wizard!
The flame wave engulfs your hornet zombie!
Your hornet zombie is lightly damaged.
The flame wave engulfs Joseph!
Joseph is moderately wounded. (Press . to intensify the flame waves.)
The hornet zombie hits you.
An orc comes into view. It is wielding a +0 dagger.
Joseph hits you with a +3 spectral quarterstaff!!
* * * LOW HITPOINT WARNING * * *
A wave of flame ripples out!
The flame wave engulfs the orc!
You kill the orc!
The flame wave engulfs the hornet zombie!
The hornet zombie is heavily damaged.
The flame wave engulfs Joseph!
Joseph is moderately wounded.
The flame wave engulfs the orc!
You kill the orc!
The flame wave engulfs Harold!!
Harold is heavily damaged.
The flame wave engulfs the orc!
You kill the orc!
A black mist starts to gather...
The hornet zombie closely misses you.
Joseph hits you with a +3 spectral quarterstaff.
You die...
Your body rises from the dead as a mindless zombie.

#...# #....
.####...#####
.......)...)o
....))...). #
....Z...) .#
#)Z)#####..#
#)@....<...#
#@).#####......
#Z..# ...##
#...# ..# #..)#
...
#......((....
#.
#.###.###.##..
#.# .# #.# .
.(. ##


You could see Joseph, an orc, a hornet zombie, Harold the human zombie (ally
target) and a friendly orc zombie.

Vanquished Creatures
  Harold (D:8)
  A hydra (D:8)
  A two-headed ogre (D:8)
  A hydra zombie (D:8)
  A hornet (D:8)
  A vampire (D:6)
  Grum (D:8)
  Menkaure (D:4)
  3 water moccasins
  2 ice beasts
  2 sky beasts (D:7)
  2 orc warriors (D:6)
  5 black bears
  3 ogres
  A wolf (D:8)
  A centaur (D:7)
  A phantom (D:6)
  3 kobold brigands
  A wyvern zombie (D:6)
  2 scorpions
  A wyvern skeleton (D:7)
  3 wights (D:4)
  5 howler monkeys
  2 hounds
  3 jellies (D:6)
  4 centaur zombies
  6 orc priests
  3 centaur skeletons
  3 gnoll shamans
  An iguana (D:7)
  2 orc wizards (D:8)
  A scorpion zombie (D:5)
  Robin (D:3)
  12 gnolls
  7 adders
  3 orc zombies (D:8)
  An adder skeleton (D:5)
  2 worms (D:2)
  3 dart slugs
  19 orcs
  7 ball pythons
  2 endoplasms
  5 giant cockroaches
  10 goblins
  5 hobgoblins
  16 kobolds
  A quokka (D:1)
  4 bats
  3 frilled lizards
  3 kobold zombies (D:8)
  8 rats
180 creatures vanquished.

Vanquished Creatures (collateral kills)
  2 wolves (D:8)
  A kobold brigand (D:8)
  A kobold zombie (D:8)
4 creatures vanquished.

Vanquished Creatures (others)
  A two-headed ogre zombie (D:8)
  A wolf zombie (D:8)
  A gnoll zombie (D:8)
  A kobold zombie (D:8)
  373 foxfires
  3 fulminant prisms (D:8)
  10 plants (D:5)
390 creatures vanquished.

Grand Total: 574 creatures vanquished

Notes
Turn   | Place    | Note
-------+----------+-------------------------------------------
     0 | D:1      | firemarshallily the Naga Fire Elementalist began the quest
                  | for the Orb.
     0 | D:1      | Reached XP level 1. HP: 15/15 MP: 3/3
   816 | D:1      | Reached XP level 2. HP: 22/22 MP: 1/5
  1611 | D:2      | Learned a level 2 spell: Scorch
  1660 | D:2      | Reached XP level 3. HP: 28/28 MP: 0/6
  1976 | D:2      | Reached XP level 4. HP: 36/36 MP: 2/8
  2518 | D:3      | Learned a level 4 spell: Flame Wave
  2584 | D:3      | Noticed Robin
  2589 | D:3      | Killed Robin
  2607 | D:3      | Reached skill level 4 in Fire Magic
  2966 | D:3      | Identified the amulet "Ruekyrph" {RegenMP rC++ Str-2
                  | Slay+6}
  2974 | D:3      | Noticed a black bear
  2977 | D:3      | Killed a black bear
  2978 | D:3      | Reached XP level 5. HP: 42/42 MP: 3/9
  3088 | D:3      | Found a sacrificial altar of Ru.
  3090 | D:3      | Found a broken altar of Ashenzari.
  3092 | D:3      | Found a glowing silver altar of Zin.
  3101 | D:3      | Found a hide-covered altar of Uskayaw.
  3104 | D:3      | Found a shimmering altar of Xom.
  3107 | D:3      | Found a white marble altar of Elyvilon.
  3108 | D:3      | Found a stormy altar of Qazlal.
  3445 | D:4      | Noticed an ogre
  3450 | D:4      | Killed an ogre
  3451 | D:4      | Reached XP level 6. HP: 49/49 MP: 7/11
  3492 | D:4      | Noticed Menkaure
  3497 | D:4      | Killed Menkaure
  3498 | D:4      | Reached skill level 1 in Slings
  3498 | D:4      | Reached skill level 5 in Stealth
  3498 | D:4      | Reached skill level 5 in Fire Magic
  3823 | D:4      | Reached XP level 7. HP: 55/55 MP: 9/13
  4107 | D:5      | Entered Level 5 of the Dungeon
  4184 | D:5      | Reached XP level 8. HP: 62/62 MP: 5/15
  4278 | D:5      | Reached skill level 5 in Spellcasting
  4278 | D:5      | Reached skill level 6 in Fire Magic
  5111 | D:5      | Identified the +6 ring mail of the Land of Plenty {Int+2}
  5566 | D:6      | Reached skill level 7 in Fire Magic
  5573 | D:5      | Reached XP level 9. HP: 56/68 MP: 7/18
  5804 | D:6      | Learned a level 4 spell: Fulminant Prism
  6236 | D:6      | Reached skill level 1 in Hexes
  6263 | D:6      | Reached skill level 5 in Conjurations
  6331 | D:6      | Reached skill level 8 in Fire Magic
  6862 | D:7      | Found a staircase to the Ecumenical Temple.
  6871 | Temple   | Entered the Ecumenical Temple
  6901 | Temple   | Became a worshipper of Yredelemnul the Dark
  7012 | D:7      | Reached XP level 10. HP: 75/75 MP: 17/21
  7191 | D:7      | Reached * piety under Yredelemnul
  7202 | D:7      | Found a shimmering blue altar of Sif Muna.
  7254 | D:7      | Found Gipsen's Book Shoppe.
  7397 | D:8      | Noticed a two-headed ogre
  7408 | D:8      | Killed a two-headed ogre
  7409 | D:8      | Reached skill level 9 in Fire Magic
  7415 | D:8      | Noticed an eight-headed hydra
  7415 | D:8      | Noticed Grum
  7420 | D:8      | Killed Grum
  7420 | D:8      | Reached ** piety under Yredelemnul
  7421 | D:8      | Your ally Grum died
  7425 | D:8      | Killed an eight-headed hydra
  7426 | D:8      | Reached skill level 5 in Slings
  7473 | D:8      | Noticed Harold
  7480 | D:8      | Noticed Joseph
  7487 | D:8      | Killed Harold
  7491 | D:8      | Slain by Joseph

Illustrated notes

Levels and vault maps discovered:
D:1:      eino_arrival_water_star, layout_basic, minmay_crystal_room,
          minmay_tetromino_o2
D:2:      layout_rooms
D:3:      layout_loops_ring, nicolae_overflow_hallway_of_the_gods,
          minmay_misc_feat_nine_boxes, uniq_robin
D:4:      layout_gridville, uniq_menkaure
D:5:      layout_basic, lexackson_kobold_supper
D:6:      layout_rooms, minmay_three_doors
D:7:      layout_cave_pools, mainiacjoe_overflow_surrounded_room,
          lemuel_temple_firewalk_b, serial_shops, shop
D:8:      layout_loops_cross, kennysheep_slug_shrine, uniq_joseph, uniq_harold,
          uniq_grum
Temple:   minmay_temple_bridge_abc

Skill      XL: |  1  2  3  4  5  6  7  8  9 10 |
---------------+-------------------------------+-----
Stealth        | 4 5 |  5.0
Fire Magic     | 4 5 7 8 9 |  9.8
Spellcasting   | 3 4 6 7 8 |  8.7
Conjurations   | 2 3 4 5 6 |  6.4
Slings         | 1 2 3 4 5 |  5.3
Hexes          | 2 |  2.0
Dodging        | |  1.5

Action                   |  1- 3 |  4- 6 |  7- 9 | 10-12 || total
-------------------------+-------+-------+-------+-------++-------
Melee: Unarmed           |     9 |     5 |       |       ||    14
 Fire: Hunting sling     |       |     6 |     1 |     2 ||     9
 Cast: Foxfire           |    42 |    39 |   105 |    25 ||   211
       Scorch            |     3 |    12 |   117 |    24 ||   156
       Fulminant Prism   |       |       |       |     3 ||     3
       Flame Wave        |       |       |       |     3 ||     3
 Abil: Spit Poison       |     5 |     4 |    11 |     1 ||    21
  Use: Scroll            |       |     4 |       |       ||     4
       Potion            |       |       |       |     3 ||     3
Armor: Robe              |     1 |     4 |    18 |     8 ||    31
Dodge: Dodged            |     5 |     2 |    21 |    14 ||    42
